 Dungeon Crawl Stone Soup version 0.31-a0-472-g43a2ca8e1b (webtiles) character file.

Game seed: 13965653972784158695

809 AIAndy the Ruffian (level 7, -6/43 HPs)
             Began as an Octopode Shapeshifter on Aug 6, 2023.
             Was a Believer of Nemelex Xobeh.
             Killed by divine providence
             ... invoked by an orc priest
              (13 damage)
             ... on level 6 of the Dungeon.
             The game lasted 00:11:00 (3929 turns).

AIAndy the Ruffian (Octopode Shapeshifter)          Turns: 3929, Time: 00:11:01

Health: -6/43      AC:  1    Str: 17    XL:     7   Next: 92%
Magic:  10/10      EV: 13    Int: 10    God:    Nemelex Xobeh [**....]
Gold:   332        SH:  0    Dex: 12    Spells: 6/6 levels left

rFire   . .          .
                       - Unarmed
rCold   . . .        (no shield)
rNeg    . . .        (helmet currently unavailable)
rPois   .            (no amulet)
rElec   .            L - ring of flight
rCorr   .            (no ring)
SInv    .            (no ring)
Will    .....        (no ring)
Stlth   ++           (no ring)
HPRegen 0.27/turn    (no ring)
MPRegen 0.12/turn    (no ring)
                     (no ring)

%: no passive effects
@: beast-form, flying
A: beast (slay +3), almost no armour, amphibious, 8 rings, camouflage 1,
gelatinous body 1, (nimble swimmer 1), tentacles
a: Begin Untransformation, Renounce Religion, Draw Escape, Draw Destruction,
Draw Summoning


You were on level 6 of the Dungeon.
You worshipped Nemelex Xobeh.
Nemelex Xobeh was pleased with you.
You were a hulking beast.
You visited 1 branch of the dungeon, and saw 6 of its levels.

You collected 332 gold pieces.


Innate Abilities, Weirdness & Mutations

You are a hulking beast.
Your limbs bulge with bestial killing power. (Slay +3)
You cannot wear most types of armour.
You are amphibious.
You can wear up to eight rings at the same time.
Your skin changes colour to match your surroundings (Stealth+).
Your rubbery body absorbs attacks. (AC +1, EV +1)
((You are camouflaged when in or above water. (Stealth+)))
You have tentacles for arms and can constrict up to eight enemies at once.


   Skills:
 - Level 1.0 Fighting
 - Level 2.0 Dodging
 + Level 6.0 Unarmed Combat
 + Level 4.5 Invocations
 + Level 5.2 Shapeshifting


You had 6 spell levels left.
You didn't know any spells.
Your spell library contained the following spells:

 Spells                   Type           Power      Damage    Failure   Level
 Poisonous Vapours        Pois/Air       0%         N/A       50%         2
 Mephitic Cloud           Conj/Pois/Air  0%         N/A       75%         3
 Portal Projectile        Hex/Tloc       0%         N/A       75%         3
 Tukima's Dance           Hex            0%         N/A       75%         3
 Iskenderun's Mystic Bla  Conj/Tloc      0%         2d3       98%         4
 Passage of Golubria      Tloc           0%         N/A       98%         4
 Freezing Cloud           Conj/Ice/Air   0%         6-21      100%        5
 Silence                  Hex/Air        0%         N/A       100%        5
 Lehudib's Crystal Spear  Conj/Erth      0%         10d2      100%        8

Inventory:

Magical Staves
 i - a staff of poison
 q - a staff of cold
Jewellery
 L - a ring of flight (left tentacle)
Talismans
 b - a beast talisman (active)
Wands
 o - a wand of flame (37)
 p - a wand of iceblast (2)
 s - a wand of polymorph (6)
Scrolls
 e - a scroll of brand weapon {unknown}
 h - a scroll of immolation {unknown}
 j - 3 scrolls of teleportation {unknown}
 k - a scroll of fog {unknown}
 l - a scroll of silence {unknown}
 m - a scroll of enchant armour {unknown}
 n - a scroll of amnesia {unknown}
 r - 2 scrolls of blinking {unknown}
Potions
 a - a potion of lignification {!q}
 c - 2 potions of heal wounds {@q2}
 f - a potion of cancellation {unknown}
 g - a potion of mutation {!q}

Dungeon Overview and Level Annotations

Branches:
Dungeon (6/15)
 Temple: D:4-7

Altars:
Hepliaklqana
Makhleb
Nemelex Xobeh
The Shining One

Annotations:
D:3 1 runed translucent door, Crazy Yiuf
D:5 Grinder, Sigmund

......# #o#.#
.#.....+ #.#.# #
#.....# #.#.#
#.##.## #g#.#
#.#.# #.#.#
############.#.#
#......§o§...#.#
#.##.#h###..#.#
#<..#..#.###
#...#..#...#
#...#..###.#
#...#......#
#...#.######
#...#.# ....#.#
##..#.#


You could see an orc priest.


Message History

The gnoll sergeant is knocked back by the gust of wind.
The gnoll sergeant slams into the rock wall!
The gnoll sergeant is severely wounded.
You hear violent peals of thunder!
You don't know any spells.
The gnoll sergeant hits you with a +1 spear of venom!
* * * LOW HITPOINT WARNING * * *
You are lethally poisoned!
You feel better.
The gnoll sergeant hits you with a +1 spear of venom!
* * * LOW HITPOINT WARNING * * *
You are lethally poisoned!
The orc priest looks satisfied for a moment.
You feel better.
The gnoll sergeant hits you with a +1 spear of venom!
* * * LOW HITPOINT WARNING * * *
You are lethally poisoned!
You feel better.
The gnoll sergeant hits you with a +1 spear of venom.
* * * LOW HITPOINT WARNING * * *
You closely miss the gnoll sergeant. You grab the gnoll sergeant.
You squeeze the gnoll sergeant!
You kill the gnoll sergeant!
Your Unarmed Combat skill increases to level 6!
Use which ability? (? or * to list)
You draw a card...
You have drawn the Cloud.
Clouds appear around you!
The orc priest calls down the wrath of Beogh upon you.
Beogh smites you!
You die...
Your body disappears without a glow.

Skill      XL: |  1  2  3  4  5  6  7 |
---------------+----------------------+-----
Unarmed Combat | 4 5 6 |  6.0
Invocations    | 1 2 3 4 |  4.5
Shapeshifting  | 4 5 |  5.2
Fighting       | |  1.0
Dodging        | |  2.0

Action                     |  1- 3 |  4- 6 |  7- 9 || total
---------------------------+-------+-------+-------++-------
  Melee: Unarmed           |    51 |    82 |    37 ||   170
         Constrict         |    13 |    16 |    10 ||    39
         Tentacles         |    14 |    15 |     7 ||    36
         Punch             |     1 |     2 |     2 ||     5
  Throw: Dart              |       |     2 |     1 ||     3
 Invoke: Draw Destruction  |       |     3 |     2 ||     5
         Draw Escape       |       |       |     2 ||     2
    Use: Scroll            |       |     4 |       ||     4
         Potion            |       |       |     4 ||     4
   Stab: Sleeping          |     9 |     5 |     1 ||    15
         Distracted        |       |     1 |       ||     1
 Armour: Skin              |     2 |     2 |       ||     4
  Dodge: Dodged            |    21 |    39 |    16 ||    76

Levels and vault maps discovered:
D:1:      wheals_arrival_shading, layout_loops_ring
D:2:      layout_rooms, basic_altar, uniq_terence
D:3:      layout_basic, grunt_temple_overflow_open, grunt_decor_clamped,
          minmay_crystal_room, uniq_crazy_yiuf_cottage
D:4:      layout_rooms, nicolae_tso_swordbearing_angel
D:5:      layout_loops_ring, hangedman_decor_growths, uniq_sigmund, uniq_grinder
D:6:      layout_basic

Notes
Turn   | Place    | Note
-------+----------+-------------------------------------------
     0 | D:1      | AIAndy the Octopode Shapeshifter began the quest for the
                  | Orb.
     0 | D:1      | Reached XP level 1. HP: 13/13 MP: 1/1
   129 | D:1      | Reached XP level 2. HP: 14/18 MP: 2/2
   450 | D:1      | Reached XP level 3. HP: 23/23 MP: 3/3
   701 | D:2      | Noticed Terence
   711 | D:2      | Killed Terence
   712 | D:2      | Reached skill level 4 in Unarmed Combat
   712 | D:2      | Reached XP level 4. HP: 15/28 MP: 4/4
   775 | D:2      | Found a sparkling altar of Nemelex Xobeh.
   786 | D:2      | Became a worshipper of Nemelex Xobeh the Trickster
   961 | D:2      | You fall into a shaft and drop 1 floor!
  1200 | D:3      | Reached skill level 1 in Invocations
  1921 | D:3      | Reached XP level 5. HP: 33/33 MP: 5/5
  1928 | D:3      | Reached * piety under Nemelex Xobeh
  2086 | D:3      | Found a hazy altar of Hepliaklqana.
  2090 | D:3      | Found a burning altar of Makhleb.
  2147 | D:3      | Found a runed translucent door.
  2148 | D:3      | Noticed Crazy Yiuf
  2254 | D:3      | Reached skill level 4 in Shapeshifting
  2473 | D:4      | Received a gift from Nemelex Xobeh
  2594 | D:4      | Reached skill level 2 in Invocations
  2668 | D:4      | Noticed an ogre
  2677 | D:4      | Killed an ogre
  2678 | D:4      | Reached XP level 6. HP: 14/38 MP: 6/8
  2881 | D:4      | Found a glowing golden altar of the Shining One.
  2977 | D:4      | Reached skill level 5 in Unarmed Combat
  3037 | D:4      | Reached skill level 3 in Invocations
  3161 | D:5      | Entered Level 5 of the Dungeon
  3237 | D:5      | Noticed an ice beast
  3244 | D:5      | Killed an ice beast
  3245 | D:5      | Reached XP level 7. HP: 32/43 MP: 9/9
  3279 | D:5      | Noticed Grinder
  3473 | D:5      | Reached skill level 4 in Invocations
  3473 | D:5      | Reached skill level 5 in Shapeshifting
  3617 | D:5      | Received a gift from Nemelex Xobeh
  3665 | D:5      | Reached ** piety under Nemelex Xobeh
  3693 | D:5      | Noticed Sigmund
  3929 | D:6      | Reached skill level 6 in Unarmed Combat
  3929 | D:6      | Killed from afar by an orc priest

Vanquished Creatures
  2 ogres
  An ice beast (D:5)
  A kobold brigand (D:6)
  A gnoll sergeant (D:6)
  4 hounds
  A jelly (D:4)
  Terence (D:2)
  4 iguanas
  3 gnolls (D:3)
  5 adders
  A worm (D:2)
  A dart slug (D:1)
  2 orcs
  9 endoplasms
  9 goblins
  6 hobgoblins
  6 jackals
  A quokka (D:4)
  5 ball pythons
  6 bats
  A frilled lizard (D:3)
  11 kobolds
  6 rats
87 creatures vanquished.

Table legend: (Time is in decaauts)
 A = Elapsed time spent in this place.
 B = Non-inter-level travel time spent in this place.
 C = Inter-level travel time spent in this place.
 D = Time resting spent in this place.
 E = Time spent auto-exploring this place.
 F = Levels seen in this place.
 G = Mean time per level.
                   A        B        C        D        E       F      G
               +--------+--------+--------+--------+--------+-----+--------+
         Total |   3916 |   3785 |    131 |    321 |   2762 |   6 |  652.7 |
       Dungeon |   3916 |   3785 |    131 |    321 |   2762 |   6 |  652.7 |
               +--------+--------+--------+--------+--------+-----+--------+

Top non-repeatable levels by time:
     D:3: 1358 daAuts
     D:1: 647 daAuts
     D:4: 633 daAuts
     D:5: 557 daAuts
     D:2: 512 daAuts
     D:6: 206 daAuts

Table legend:
 A = Non-vault XP
 B = Vault XP
 C = Vault XP percentage of total XP
 D = Non-vault monster count
 E = Vault monster count
 F = Vault count percentage of total count
                 A         B        C        D         E       F
            +---------+---------+-------+---------+---------+-------
      Total |    1121 |      36 |   3.1 |      86 |       1 |   1.1
            +---------+---------+-------+---------+---------+-------
        D:1 |      44 |       0 |   0.0 |      25 |       0 |   0.0
        D:2 |      32 |      36 |  52.9 |      12 |       1 |   7.7
        D:3 |     116 |       0 |   0.0 |      15 |       0 |   0.0
        D:4 |     259 |       0 |   0.0 |      16 |       0 |   0.0
        D:5 |     479 |       0 |   0.0 |       9 |       0 |   0.0
        D:6 |     191 |       0 |   0.0 |       9 |       0 |   0.0
            +---------+---------+-------+---------+---------+-------
